 Dungeon Crawl Stone Soup version 0.30-a0-953-g5f1da4a474 (webtiles) character file.

Game seed: 11049035876943356228

1072 dialectric the Covered (level 8, 0/60 HPs)
             Began as a Demonspawn Fighter on Mar 28, 2023.
             Killed from afar by an electric eel (8 damage)
             ... with a bolt of electricity
             ... on level 7 of the Dungeon.
             The game lasted 00:05:30 (5177 turns).

dialectric the Covered (Demonspawn Fighter)         Turns: 5177, Time: 00:05:31

Health: 0/60       AC:  7    Str: 18 (20) XL:     8   Next: 7%
Magic:  0/8        EV: 10    Int: 12 (13) God:
Gold:   279        SH: 10    Dex: 11 (12) Spells: 7/7 levels left

rFire   . . .      SeeInvis .    a - +0 long sword
rCold   . . .      Faith    .    c - +0 buckler
rNeg    . . .      Spirit   +    b - +0 scale mail
rPois   .          Reflect  .    (no helmet)
rElec   .          Rampage  .    (no cloak)
rCorr   .                        (no gloves)
Will    .....                    (no boots) Stlth
                                 v - amulet of guardian spirit
HPRegen 0.30/turn                (no ring)
MPRegen 0.11/turn                (no ring)

@: no status effects
A: hooves 1, large bone plates 2, spiny 3, clever 1, strong 1
a: no special abilities


You were on level 7 of the Dungeon.
You visited 1 branch of the dungeon, and saw 7 of its levels.

You collected 279 gold pieces.

Inventory:

Hand Weapons
 a - a +0 long sword (weapon)
Missiles
 d - 2 boomerangs of dispersal (quivered)
Armour
 b - a +0 scale mail (worn)
 c - a +0 buckler (worn)
Jewellery
 v - an amulet of guardian spirit (around neck)
Wands
 n - a wand of roots (9)
 r - a wand of mindburst (8)
 y - a wand of charming (8)
Scrolls
 f - a scroll of silence {unknown}
 h - 2 scrolls of poison {unknown}
 i - 2 scrolls of teleportation {unknown}
 l - 6 scrolls of identify {unknown}
 m - a scroll of fog {unknown}
 o - a scroll of enchant armour {unknown}
 p - 2 scrolls of enchant weapon {unknown}
 q - a scroll of torment {unknown}
 u - 2 scrolls of blinking {unknown}
 x - a scroll of magic mapping {unknown}
Potions
 e - a potion of mutation
 g - 2 potions of heal wounds {unknown}
 j - 2 potions of haste
 k - a potion of attraction {unknown}
 s - a potion of resistance {unknown}
 t - a potion of brilliance {unknown}
 w - a potion of berserk rage {unknown}


   Skills:
 - Level 4.0 Fighting
 - Level 5.0 Long Blades
 + Level 5.8 Armour
 + Level 3.3 Dodging
 + Level 3.5 Shields


You had 7 spell levels left.
You didn't know any spells.
Your spell library contained the following spells:

 Spells                   Type           Power      Damage    Failure   Level
 Shock                    Conj/Air       0%         1d3       77%         1
 Sting                    Tmut/Pois      0%         1d3       77%         1
 Summon Small Mammal      Summ           0%         N/A       77%         1
 Poisonous Vapours        Pois/Air       0%         N/A       88%         2
 Call Canine Familiar     Summ           0%         N/A       98%         3
 Summon Guardian Golem    Hex/Summ       0%         N/A       98%         3
 Swiftness                Air            0%         N/A       98%         3
 Airstrike                Air            0%         2d(0-16)  100%        4
 Olgreb's Toxic Radiance  Pois           0%         N/A       100%        4


Dungeon Overview and Level Annotations

Branches:
Dungeon (7/15)
 Temple: D:4-7

Altars:
Makhleb
Qazlal
Sif Muna
Wu Jian

Annotations:
D:1 1 transporter


Innate Abilities, Weirdness & Mutations

You have large cloven feet.
You are mostly covered in large bone plates. (SH +6)
You are completely covered in sharp spines.
Your mind is acute. (Int +4, Str/Dex -1)
Your muscles are strong. (Str +4, Int/Dex -1)


Message History

Found a scroll labelled REGY CYREM.
x - a scroll labelled REGY CYREM HP restored.
The electric eel shoots out a bolt of lightning at you!
The bolt of electricity hits you.
Unknown command.
The electric eel shoots out a bolt of lightning at you!
The bolt of electricity misses you.
Unknown command.
You open the door.
There is an open door here.
You open the door.
Found an escape hatch in the ceiling.
No target in view!
There is an open door here.
y - a wand of charming (8) No target in view!
An electric eel is nearby!
The electric eel shoots out a bolt of lightning at you!
The bolt of electricity hits you!
The electric eel shoots out a bolt of lightning at you!
The bolt of electricity hits you!
You hit the electric eel but do no damage.
You kick the electric eel.
The electric eel is moderately wounded.
The electric eel shoots out a bolt of lightning at you!
The bolt of electricity hits you!
The electric eel shoots out a bolt of lightning at you!
The bolt of electricity hits you!
The electric eel shoots out a bolt of lightning at you!
The bolt of electricity hits you!
* * * LOW HITPOINT WARNING * * *
The electric eel shoots out a bolt of lightning at you!
The bolt of electricity hits you.
* * * LOW HITPOINT WARNING * * *
The bolt of electricity hits you.
* * * LOW HITPOINT WARNING * * *
The electric eel shoots out a bolt of lightning at you!
The bolt of electricity hits you!
You die...

#####≈.≈#####≈###.#########
#≈.≈# #≈# #.# ....... #≈#
#.# ≈≈≈#≈.≈#≈≈≈#≈# #.#
#####≈.≈#####≈# #.#
≈≈.≈≈S≈≈≈S# #.#
##.####...###.#
!.........##.###.##.
####......@........
#.....#...##....
##...#.....# ## ######...##
##.## #.# #.# #+#


You could see an electric eel.

Vanquished Creatures
  Sigmund (D:5)
  A steam dragon (D:7)
  Menkaure (D:5)
  A black bear (D:5)
  A gnoll sergeant (D:6)
  A scorpion (D:4)
  A howler monkey (D:5)
  3 hounds
  2 sleepcaps
  An iguana (D:7)
  5 gnolls
  9 adders
  A shadow imp (D:6)
  A white imp (D:6)
  An ufetubus (D:4)
  A dart slug (D:1)
  11 orcs
  10 ball pythons
  4 bats
  8 endoplasms
  A giant cockroach (D:3)
  2 goblins (D:1)
  8 hobgoblins
  4 jackals (D:1)
  7 quokkas
  3 frilled lizards
  7 kobolds
  6 rats
102 creatures vanquished.

Notes
Turn   | Place    | Note
-------+----------+-------------------------------------------
     0 | D:1      | dialectric the Demonspawn Fighter began the quest for the
                  | Orb.
     0 | D:1      | Reached XP level 1. HP: 18/18 MP: 1/1
   120 | D:1      | Gained mutation: You are partially covered in large bone
                  | plates. (SH +4) [demonic ancestry]
   120 | D:1      | Reached XP level 2. HP: 23/24 MP: 2/2
   469 | D:1      | Gained mutation: You have large cloven feet. [demonic
                  | ancestry]
   469 | D:1      | Reached XP level 3. HP: 25/29 MP: 3/3
   765 | D:2      | Found a faded altar of an unknown god.
  1147 | D:2      | Gained mutation: You are partially covered in sharp spines.
                  | [demonic ancestry]
  1147 | D:2      | Reached XP level 4. HP: 35/35 MP: 4/4
  1570 | D:3      | Found a burning altar of Makhleb.
  2201 | D:3      | Reached skill level 1 in Dodging
  2204 | D:3      | Gained mutation: You are mostly covered in sharp spines.
                  | [demonic ancestry]
  2204 | D:3      | Reached XP level 5. HP: 22/41 MP: 2/5
  2465 | D:4      | Found a stormy altar of Qazlal.
  2719 | D:5      | Entered Level 5 of the Dungeon
  2730 | D:4      | Gained mutation: You are completely covered in sharp
                  | spines. [demonic ancestry]
  2730 | D:4      | Reached XP level 6. HP: 36/48 MP: 4/6
  2889 | D:5      | Noticed Menkaure
  2899 | D:5      | Killed Menkaure
  2921 | D:5      | Found a shimmering blue altar of Sif Muna.
  3227 | D:5      | Noticed Sigmund
  3231 | D:5      | Killed Sigmund
  3232 | D:5      | Gained mutation: You are mostly covered in large bone
                  | plates. (SH +6) [demonic ancestry]
  3232 | D:5      | Reached XP level 7. HP: 43/54 MP: 5/7
  3234 | D:5      | Reached skill level 5 in Long Blades
  3568 | D:6      | Gained mutation: Your mind is acute. (Int +4, Str/Dex -1)
                  | [potion of mutation]
  3568 | D:6      | Gained mutation: Your muscles are strong. (Str +4, Int/Dex
                  | -1) [potion of mutation]
  3576 | D:6      | Reached skill level 5 in Armour
  4329 | D:6      | Found an ornate altar of the Wu Jian Council.
  4589 | D:7      | Noticed a steam dragon
  4597 | D:7      | Killed a steam dragon
  4598 | D:7      | Reached XP level 8. HP: 13/60 MP: 1/8
  5177 | D:7      | Killed from afar by an electric eel

Illustrated notes

Levels and vault maps discovered:
D:1:      spicycebolla_arrival_risky_transporter, layout_loops_ring
D:2:      layout_basic, ebering_ecumenical_altar_petrified
D:3:      layout_basic, mainiacjoe_overflow_brackets
D:4:      layout_rooms, nicolae_qazlal_general_emergency
D:5:      layout_cave_pools, led_sif_book, minmay_statues_item,
          nrook_pool_corridor, hangedman_abyss_or_decor_stagger,
          chequers_serial_rivers_micro_b, uniq_sigmund, uniq_menkaure
D:6:      layout_loops_corners, minitemple, serial_co_window_serial,
          co_window_corner_a, co_window_of_opportunity_a, co_window_paths_b,
          co_window_paths_b, co_window_of_opportunity_a, co_window_2corner,
          co_window_corner_cb, co_window_unsneaky_path_b, co_window_corner_cb,
          co_window_4corner_b, co_window_paths_e, glass_columns_b,
          glass_columns_c, glass_columns_b, glass_columns_c, glass_columns_c
D:7:      layout_loops_corners, mainiacjoe_overflow_boulevard,
          nicolae_overflow_two_pavilions, minmay_temple_entry_proselytizer,
          ebering_ghost_inner_flame

Skill      XL: |  1  2  3  4  5  6  7 |
---------------+----------------------+-----
Long Blades    | 2 3 4 5 |  5.0
Armour         | 3 4 5 |  5.8
Shields        | 3 |  3.5
Dodging        | 1 2 3 |  3.3
Fighting       | 4 |  4.0

Action                     |  1- 3 |  4- 6 |  7- 9 || total
---------------------------+-------+-------+-------++-------
  Melee: Long sword        |   113 |   104 |    47 ||   264
         Kick              |    13 |    22 |    11 ||    46
    Use: Potion            |       |     2 |     4 ||     6
 Armour: Scale mail        |    59 |    34 |    11 ||   104
  Dodge: Dodged            |    51 |    35 |    24 ||   110
  Block: Buckler           |    53 |    51 |    24 ||   128

Table legend: (Time is in decaauts)
 A = Elapsed time spent in this place.
 B = Non-inter-level travel time spent in this place.
 C = Inter-level travel time spent in this place.
 D = Time resting spent in this place.
 E = Time spent auto-exploring this place.
 F = Levels seen in this place.
 G = Mean time per level.
                   A        B        C        D        E       F      G
               +--------+--------+--------+--------+--------+-----+--------+
         Total |   5234 |   4951 |    283 |    460 |   3654 |   7 |  747.7 |
       Dungeon |   5234 |   4951 |    283 |    460 |   3654 |   7 |  747.7 |
               +--------+--------+--------+--------+--------+-----+--------+

Top non-repeatable levels by time:
     D:3: 1059 daAuts
     D:6: 1042 daAuts
     D:1: 738 daAuts
     D:2: 722 daAuts
     D:7: 707 daAuts
     D:5: 699 daAuts
     D:4: 264 daAuts
